 Dungeon Crawl Stone Soup version 0.29-a0-994-gc5c9f59d18 (webtiles) character file.

Game seed: 3626265557970955173

214 Asher535 the Trooper (level 5, -6/48 HPs)
             Began as a Minotaur Fighter on Aug 3, 2022.
             Mangled by a kobold brigand
             ... wielding a +0 club
              (7 damage)
             ... in a sewer.
             The game lasted 00:04:43 (2157 turns).

Asher535 the Trooper (Minotaur Fighter)             Turns: 2157, Time: 00:04:43

Health: -6/48      AC:  8    Str: 23    XL:     5   Next: 59%
Magic:  4/4        EV:  9    Int:  5    God:
Gold:   65         SH:  4    Dex:  9    Spells: 4/4 levels left

rFire   . . .      SeeInvis .   a - +0 war axe
rCold   . . .      Faith    .   c - +0 buckler
rNeg    . . .      Spirit   .   b - +1 scale mail
rPois   .          Reflect  .   (helmet restricted)
rElec   .          Harm     .   (no cloak)
rCorr   .          Rampage  .   (no gloves)
Will    .....                   (no boots)
Stlth   ..........              (no amulet)
HPRegen 0.16/turn               (no ring)
MPRegen 0.09/turn               (no ring)

@: hasted and slowed
A: horns 2, retaliatory headbutt
a: no special abilities


You were in a sewer.
You visited 1 branch of the dungeon, and saw 3 of its levels.
You also visited: Sewer.

You collected 65 gold pieces.

Inventory:

Hand Weapons
 a - a +0 war axe (weapon)
 f - a +0 dagger
Missiles
 d - a curare-tipped dart (quivered)
Armour
 b - a +1 scale mail (worn)
 c - a +0 buckler (worn)
Potions
 e - a potion of magic


   Skills:
 + Level 5.0 Fighting
 + Level 4.0 Axes
 + Level 4.9 Armour
 + Level 5.0 Shields


You had 4 spell levels left.
You didn't know any spells.
Your spell library was empty.

Dungeon Overview and Level Annotations

Branches:
Dungeon (3/15)              Sewer (1/1)

Altars:


Innate Abilities, Weirdness & Mutations

You have a pair of horns on your head.
You reflexively headbutt those who attack you in melee.


Message History

A kobold brigand comes into view.
It is wielding a +0 club and quivering poisoned darts.
The kobold brigand moves out of view.
You enter the shallow water.
Moving in this stuff is going to be slow.
Why would you want to do that?
The kobold brigand throws a curare-tipped dart.
The curare-tipped dart hits you.
You are poisoned.
You have difficulty breathing.
You feel yourself slow down. The kobold hits you with a +0 dagger.
The kobold hits you but does no damage.
You hit the kobold.
You kill the kobold!
You feel very sick.
The kobold brigand hits you with a +0 short sword!
You slash the kobold brigand!
The kobold brigand is moderately wounded.
You feel very sick.
The kobold brigand hits you with a +0 short sword.
The kobold brigand closely misses you. You furiously retaliate!
You headbutt the kobold brigand! You barely miss the kobold brigand.
The kobold brigand is severely wounded.
You miss the kobold brigand.
You feel sick. The kobold brigand barely misses you.
The kobold brigand hits you with a +0 short sword!
* * * LOW HITPOINT WARNING * * *
It was a potion of magic.
Magic courses through your body.
You feel sick.
The kobold brigand splashes around in the water.
You block the kobold's attack.
The kobold brigand hits you but does no damage.
The kobold brigand hits you with a +0 club!
* * * LOW HITPOINT WARNING * * *
It was a potion of haste.
You feel yourself speed up.
* * * LOW HITPOINT WARNING * * *
You feel sick.
You are no longer poisoned.
The kobold hits you but does no damage.
The kobold brigand hits you but does no damage.
The kobold brigand hits you with a +0 club!
You die...

.....~.~~.~~~~~~~~#..#..#≈≈
...~~.~~~~~≈≈≈≈≈≈≈#######≈≈
~~..~~~~≈≈≈≈≈≈≈≈≈≈#≈#≈#≈≈ ≈
~††~†≈≈≈≈≈≈≈≈≈≈≈≈≈≈#≈#≈#
~†††~~~≈≈≈≈≈≈≈≈≈≈≈#≈#≈#
~~...~~~~~~~≈≈≈≈≈≈≈#≈#
........~.~~~~~≈≈≈#≈#
....##.....~##~~~~≈#
...####..†...##.@K##
...##.††.......KKK#
.................K#
##.....###........'..KK#
##..## ##.......#..KK!# ###
######..#..#.!# #### ## ##


You could see 2 kobold brigands and 3 kobolds.

Vanquished Creatures
  A kobold brigand (Sewer)
  3 gnolls (D:2)
  3 adders
  A river rat (Sewer)
  2 worms
  3 dart slugs (D:1)
  3 endoplasms
  A giant cockroach (D:3)
  6 goblins
  5 hobgoblins (D:1)
  2 jackals (D:1)
  9 kobolds
  7 ball pythons
  3 bats (D:1)
  6 frilled lizards
  21 rats
76 creatures vanquished.

Notes
Turn   | Place    | Note
-------+----------+-------------------------------------------
     0 | D:1      | Asher535 the Minotaur Fighter began the quest for the Orb.
     0 | D:1      | Reached XP level 1. HP: 19/19 MP: 0/0
   178 | D:1      | Reached XP level 2. HP: 17/27 MP: 1/1
   492 | D:1      | Reached XP level 3. HP: 25/33 MP: 2/2
   690 | D:1      | Found a faded altar of an unknown god.
   829 | D:2      | Reached XP level 4. HP: 31/41 MP: 3/3
  1680 | D:2      | You fall into a shaft and drop 1 floor!
  1749 | D:3      | Found a glowing drain.
  1767 | Sewer    | Entered a sewer
  1885 | Sewer    | Noticed a kobold brigand
  1904 | Sewer    | Killed a kobold brigand
  1905 | Sewer    | Reached XP level 5. HP: 28/47 MP: 4/4
  2070 | Sewer    | Reached skill level 5 in Fighting
  2113 | Sewer    | Reached skill level 5 in Shields
  2156 | Sewer    | HP: 2/48 [kobold brigand/+0 club (7)]
  2157 | Sewer    | Mangled by a kobold brigand

Illustrated notes

Levels and vault maps discovered:
D:1:      saegor_arrival_simple_b, layout_basic,
          dreamdust_ecumenical_altar_angels_and_demons
D:2:      layout_rooms, guppyfry_early_orc_mine, uniq_sigmund,
          uniq_crazy_yiuf_cottage
D:3:      layout_basic, cheibrodos_sewer_entry_drain, uniq_robin
Sewer:    sewer_minmay_treatment

Skill      XL: |  1  2  3  4  5 |
---------------+----------------+-----
Fighting       | 4 5 |  5.0
Shields        | 4 5 |  5.0
Armour         | 4 |  4.9
Axes           | 3 4 |  4.0

Action                   |  1- 3 |  4- 6 || total
-------------------------+-------+-------++-------
Melee: War axe           |    81 |    67 ||   148
       Headbutt          |    12 |     7 ||    19
  Use: Potion            |       |     5 ||     5
       Scroll            |       |     3 ||     3
Armor: Scale mail        |    44 |    61 ||   105
Dodge: Dodged            |    42 |    52 ||    94
Block: Buckler           |    19 |    31 ||    50

Table legend: (Time is in decaauts)
 A = Elapsed time spent in this place.
 B = Non-inter-level travel time spent in this place.
 C = Inter-level travel time spent in this place.
 D = Time resting spent in this place.
 E = Time spent auto-exploring this place.
 F = Levels seen in this place.
 G = Mean time per level.
                   A        B        C        D        E       F      G
               +--------+--------+--------+--------+--------+-----+--------+
         Total |   2221 |   2193 |     28 |    805 |    938 |   4 |  555.2 |
       Dungeon |   1809 |   1781 |     28 |    750 |    781 |   3 |  603.0 |
         Sewer |    412 |    412 |      0 |     55 |    157 |   1 |  412.0 |
               +--------+--------+--------+--------+--------+-----+--------+

Top non-repeatable levels by time:
     D:2: 874 daAuts
     D:1: 843 daAuts
   Sewer: 412 daAuts
     D:3: 91 daAuts
